 Dungeon Crawl Stone Soup version 0.31-a0-229-g1fc7ce93e2 (webtiles) character file.

Game seed: 14666798580176905324

94 qw the Shooter (level 4, -4/26 HPs)
             Began as a Gargoyle Hexslinger on July 6, 2023.
             Was an Initiate of Okawaru.
             Slain by a black bear (11 damage)
             ... on level 4 of the Dungeon.
             The game lasted 00:00:49 (2104 turns).

qw the Shooter (Gargoyle Hexslinger)                Turns: 2104, Time: 00:00:49

Health: -4/26      AC: 11    Str: 12    XL:     4   Next: 63%
Magic:  5/5        EV: 11    Int: 13    God:    Okawaru [......]
Gold:   167        SH:  0    Dex: 14    Spells: 4/5 levels left

rFire   . . .        Y - +1 sling
rCold   . . .        (no shield)
rNeg    + . .        e - +0 leather armour
rPois   inf          (no helmet)
rElec   +            a - +0 cloak
rCorr   .            (no gloves)
SInv    .            (no boots)
Will    .....        (no amulet)
Stlth   +            f - +4 ring of protection
HPRegen 0.24/turn    (no ring)
MPRegen 0.09/turn

%: no passive effects
@: no status effects
A: sickness immunity, AC +3, negative energy resistance 1, electricity
resistance, torment resistance 1, petrification resistance
a: Renounce Religion


You were on level 4 of the Dungeon.
You worshipped Okawaru.
Okawaru was noncommittal.
You visited 1 branch of the dungeon, and saw 4 of its levels.

You collected 167 gold pieces.


Innate Abilities, Weirdness & Mutations

You are immune to sickness and miasma.
Your stone body is resilient. (AC +3)
You are immune to poison.
You resist negative energy. (rN+)
You are resistant to electric shocks. (rElec)
You are resistant to unholy torment.
You are immune to petrification.


   Skills:
 - Level 2.0 Fighting
 + Level 4.4 Ranged Weapons
 - Level 1.5 Dodging
 - Level 1.0 Spellcasting
 - Level 2.6 Hexes


You had 4 spell levels left.
You knew the following spells:

 Your Spells              Type           Power      Damage    Failure   Level
a - Slow                  Hex            28%        N/A       12%         1

Your spell library contained the following spells:

 Spells                   Type           Power      Damage    Failure   Level
 Inner Flame              Hex/Fire       4%         N/A       52%         3
 Portal Projectile        Hex/Tloc       8%         N/A       52%         3
 Cause Fear               Hex            3%         N/A       75%         4

Inventory:

Hand Weapons
 Y - a +1 sling (weapon)
Armour
 a - a +0 cloak (worn)
 e - a +0 leather armour (worn)
Jewellery
 f - a +4 ring of protection (left hand)
Scrolls
 h - 2 scrolls of identify
 i - a scroll of teleportation
Potions
 b - a potion of enlightenment {unknown}
 c - a potion of curing {unknown}
 d - a potion of degeneration {unknown}
 g - a potion of heal wounds {unknown}
 k - a potion of invisibility {unknown}

Dungeon Overview and Level Annotations

Branches:
Dungeon (4/15)
 Temple: D:4-7

Altars:
Ashenzari
Dithmenos
Kikubaaqudgha
Okawaru
Ru
Xom
Yredelemnul
Zin


Message History

h - 2 scrolls of identify (gained 1)
You now have 152 gold pieces (gained 9).
You now have 167 gold pieces (gained 15).
A black bear comes into view.
Enter note:
Enter note: You shoot a sling bullet.
The sling bullet hits the black bear.
The black bear is moderately wounded.
You shoot a sling bullet.
The sling bullet closely misses the black bear.
You shoot a sling bullet. The sling bullet hits the black bear.
The black bear is moderately wounded.
You shoot a sling bullet. The sling bullet hits the black bear.
The black bear is heavily wounded.
The black bear bites you. The black bear claws you.
The black bear claws you but does no damage.
You shoot a sling bullet.
The sling bullet hits the black bear but does no damage.
The black bear is heavily wounded.
The black bear bites you!
The black bear claws you but does no damage.
The black bear barely misses you.
You shoot a sling bullet.
The sling bullet hits the black bear but does no damage.
The black bear is heavily wounded.
The black bear bites you.
The black bear claws you but does no damage. x2
You shoot a sling bullet. The sling bullet hits the black bear.
The black bear is severely wounded.
The black bear bites you.
The black bear claws you but does no damage. x2
You shoot a sling bullet.
The sling bullet barely misses the black bear.
The black bear goes berserk!
The black bear barely misses you.
The black bear claws you but does no damage.
The black bear barely misses you.
You shoot a sling bullet. The sling bullet hits the black bear.
The black bear is almost dead.
The black bear bites you!
You die...

##.#...#
#..........
#.....##
###########
#.#.### # #.#
#.# #.##### #
#.....#
#.#.....#
#.h@....#
#.$........?
....$##.....##.
+++## #.#.###
#.#.# #....
###..# .#


You could see a black bear (berserk).

Vanquished Creatures
  4 adders
  2 worms
  A dart slug (D:4)
  2 bats
  4 endoplasms
  2 giant cockroaches
  6 goblins
  5 hobgoblins
  2 jackals (D:2)
  2 quokkas
  7 ball pythons
  2 frilled lizards
  5 kobolds
  2 rats
46 creatures vanquished.

Notes
Turn   | Place    | Note
-------+----------+-------------------------------------------
     0 | D:1      | qw the Gargoyle Hexslinger began the quest for the Orb.
     0 | D:1      | Reached XP level 1. HP: 12/12 MP: 2/2
     0 | D:1      | 0 ||| qw: Version: 0.3-a-46-gb1f654a
     0 | D:1      | 0 ||| qw: Game counter: 1654
     0 | D:1      | 0 ||| qw: Melee chars always use a shield: true
     0 | D:1      | 0 ||| qw: God list: Okawaru
     0 | D:1      | 0 ||| qw: Allow faded altars: false
     0 | D:1      | 0 ||| qw: Do Orc after clearing Dungeon:15 true
     0 | D:1      | 0 ||| qw: Do second Lair branch before Depths: true
     0 | D:1      | 0 ||| qw: Lair rune preference: random
     0 | D:1      | 0 ||| qw: Goals: Normal
     0 | D:1      | 0 ||| PLANNING D:1-11
    70 | D:1      | Reached XP level 2. HP: 16/16 MP: 3/3
   169 | D:1      | Reached skill level 3 in Ranged Weapons
   311 | D:1      | 311 ||| FLEEEEING.
   392 | D:1      | HP: 4/17 [quokka (2)]
   397 | D:1      | HP: 4/17 [bat (1)]
   399 | D:1      | Reached XP level 3. HP: 6/21 MP: 4/4
   515 | D:1      | 515 ||| UPGRADING to +0 leather armour.
   525 | D:1      | 525 ||| DROPPING +0 robe.
   526 | D:1      | 526 ||| UPGRADING to +4 ring of protection.
   527 | D:1      | 527 ||| READING scroll labelled AGIOBO COWYKAR.
   528 | D:1      | 528 ||| READING scroll labelled YKOTUE HOER.
   529 | D:1      | 529 ||| READING scroll labelled EGHOGH ZOHYI.
   530 | D:1      | 530 ||| READING scroll labelled FOOWID SOVY.
   531 | D:1      | 531 ||| DROPPING scroll of poison.
  1150 | D:2      | 1150 ||| READING scroll labelled OKHLICSAEDGH.
  1153 | D:2      | 1153 ||| READING scroll labelled AVVEAPL NYRORR.
  1223 | D:3      | Reached XP level 4. HP: 26/26 MP: 5/5
  1307 | D:3      | Reached skill level 4 in Ranged Weapons
  1334 | D:3      | Found a shadowy altar of Dithmenos.
  1413 | D:3      | Found an iron altar of Okawaru.
  1414 | D:3      | 1414 ||| PLANNING OKAWARU WORSHIP
  1414 | D:3      | 1414 ||| UPGRADING to +0 cloak.
  1419 | D:3      | 1419 ||| READING scroll labelled WUAQOBBIMEV.
  1422 | D:3      | Found an ancient bone altar of Kikubaaqudgha.
  1428 | D:3      | Became a worshipper of Warmaster Okawaru
  1429 | D:3      | 1429 ||| PLANNING D:1-11
  1430 | D:3      | Found a basalt altar of Yredelemnul.
  1433 | D:3      | Found a broken altar of Ashenzari.
  1435 | D:3      | Found a glowing silver altar of Zin.
  1444 | D:3      | Found a sacrificial altar of Ru.
  1601 | D:3      | Found a shimmering altar of Xom.
  1843 | D:3      | 1843 ||| READING scroll labelled EFOBLA FYRIF.
  2095 | D:4      | Noticed a black bear
  2104 | D:4      | Slain by a black bear

Levels and vault maps discovered:
D:1:      pf_arrival_petrified_forest, layout_rooms,
          wander_ebering_terrifying_dragon_lair
D:2:      layout_loops_ring
D:3:      layout_basic, xom_butterflies, grunt_dithmenos_smoke_and_mirrors,
          nicolae_overflow_hallway_of_the_gods
D:4:      layout_loops_ring, mainiacjoe_overflow_alcove_4,
          dreamdust_princess_corridor

Skill      XL: |  1  2  3  4 |
---------------+-------------+-----
Ranged Weapons | 3 4 |  4.4
Fighting       | 2 |  2.0
Dodging        | |  1.5
Spellcasting   | |  1.0
Hexes          | |  2.6

Action                     |  1- 3 |  4- 6 || total
---------------------------+-------+-------++-------
   Fire: Sling             |   121 |    53 ||   174
    Use: Scroll            |     6 |     2 ||     8
 Armour: Robe              |    15 |       ||    15
         Leather armour    |    12 |    15 ||    27
  Dodge: Dodged            |    48 |     5 ||    53

Table legend:
 A = Non-vault XP
 B = Vault XP
 C = Vault XP percentage of total XP
 D = Non-vault monster count
 E = Vault monster count
 F = Vault count percentage of total count
                 A         B        C        D         E       F
            +---------+---------+-------+---------+---------+-------
      Total |     134 |       1 |   0.7 |      45 |       1 |   2.2
            +---------+---------+-------+---------+---------+-------
        D:1 |      33 |       1 |   2.9 |      19 |       1 |   5.0
        D:2 |      46 |       0 |   0.0 |      13 |       0 |   0.0
        D:3 |      30 |       0 |   0.0 |       8 |       0 |   0.0
        D:4 |      25 |       0 |   0.0 |       5 |       0 |   0.0
            +---------+---------+-------+---------+---------+-------
